 Dungeon Crawl Stone Soup version 0.30-a0-165-g1891117ce2 (webtiles) character file.

Game seed: 15365003766935317249

303 qw the Chopper (level 6, -2/38 HPs)
             Began as a Gargoyle Fighter on Sept 28, 2022.
             Slain by an ogre
             ... wielding a +0 giant spiked club
              (20 damage)
             ... on level 4 of the Dungeon.
             The game lasted 00:01:15 (3296 turns).

qw the Chopper (Gargoyle Fighter)                   Turns: 3296, Time: 00:01:15

Health: -2/38      AC: 18    Str: 22    XL:     6   Next: 38%
Magic:  6/6        EV:  6    Int:  8    God:
Gold:   134        SH:  4    Dex:  9    Spells: 5/5 levels left

rFire   . . .      SeeInvis .    Y - +2 war axe
rCold   . . .      Faith    .    c - +0 buckler
rNeg    + + .      Spirit   .    b - +0 plate armour
rPois   inf        Reflect  .    f - +0 helmet
rElec   +          Harm     .    (no cloak)
rCorr   .          Rampage  .    (no gloves)
Will    .....                    i - +0 pair of boots
Stlth   ..........               (no amulet)
HPRegen 0.12/turn                a - ring of positive energy
MPRegen 0.10/turn                (no ring)

@: no status effects
A: sickness immunity, AC +4, negative energy resistance 1, electricity
resistance, torment resistance 1, petrification resistance
a: no special abilities


You were on level 4 of the Dungeon.
You visited 1 branch of the dungeon, and saw 4 of its levels.

You collected 134 gold pieces.


Innate Abilities, Weirdness & Mutations

You are immune to sickness and miasma.
Your stone body is resilient. (AC +4)
You are immune to poison.
You resist negative energy. (rN+)
You are resistant to electric shocks. (rElec)
You are resistant to unholy torment.
You are immune to petrification.


   Skills:
 - Level 4.1 Fighting
 + Level 5.6 Axes
 - Level 3.2 Armour
 - Level 3.2 Shields


You had 5 spell levels left.
You didn't know any spells.
Your spell library was empty.

Inventory:

Hand Weapons
 h - a +0 flail
 Y - a +2 war axe (weapon)
Missiles
 m - a boomerang (quivered)
Armour
 b - a +0 plate armour (worn)
 c - a +0 buckler (worn)
 f - a +0 helmet (worn)
 i - a +0 pair of boots (worn)
Jewellery
 a - a ring of positive energy (left hand)
Scrolls
 g - a scroll of noise {unknown}
 j - a scroll of immolation {unknown}
 k - a scroll of identify
Potions
 d - 3 potions of might
 e - 2 potions of curing
 l - a potion of heal wounds

Dungeon Overview and Level Annotations

Branches:
Dungeon (4/15)
 Temple: D:4-7

Altars:
Gozag
Makhleb
Nemelex Xobeh
Wu Jian
Xom

Shops:
D:3 [


Message History

The gnoll is heavily wounded.
The gnoll hits you but does no damage. x3
You hit the gnoll.
The gnoll is almost dead.
You closely miss the gnoll. The gnoll barely misses you.
An ogre comes into view. It is wielding a +0 giant spiked club.
The gnoll barely misses you.
You slash the gnoll!
You kill the gnoll!
You slash the gnoll!
The gnoll hits you but does no damage. x2
You slash the gnoll!
You kill the gnoll!
The gnoll hits you from afar with a +0 vorpal halberd. x2
You closely miss the gnoll. The gnoll closely misses you.
The gnoll hits you but does no damage.
You hit the gnoll.
The gnoll is heavily wounded.
The gnoll completely misses you. The gnoll barely misses you.
You barely miss the gnoll.
The gnoll is heavily wounded.
The gnoll hits you but does no damage. You block the gnoll's attack.
You hit the gnoll.
The gnoll is severely wounded.
You hit the ogre. The gnoll barely misses you.
The ogre hits you but does no damage. The gnoll hits you but does no damage.
You block the gnoll's attack. x2
You closely miss the gnoll.
The gnoll is severely wounded.
You hit the ogre. The ogre barely misses you. You block the gnoll's attack.
The gnoll hits you with a +0 whip.
You hit the gnoll.
The gnoll is almost dead.
You hit the ogre. The gnoll hits you but does no damage.
The ogre hits you with a +0 giant spiked club!!
Ouch! That really hurt!
You die...

#.......#.# .
....#.........##.# ..
....#............. .#
....#.##.##.........
..........####.#.#.###
..........##<........
#.......%......#.#.###.#
#.#.......##...#g)......
#.#.......##....@Og.....
#.....######..####.#####
###.#.######..# #
#...........#
###.######.## #...# #.#
###.####.# #......#
########


You could see an ogre and 2 gnolls.

Vanquished Creatures
  A scorpion (D:4)
  2 orc priests
  Robin (D:2)
  2 gnolls (D:4)
  6 adders
  2 worms
  4 dart slugs
  9 orcs
  4 ball pythons
  8 bats
  3 endoplasms
  10 goblins
  14 hobgoblins
  5 quokkas
  3 frilled lizards
  2 kobolds
  4 rats
80 creatures vanquished.

Notes
Turn   | Place    | Note
-------+----------+-------------------------------------------
     0 | D:1      | qw the Gargoyle Fighter began the quest for the Orb.
     0 | D:1      | Reached XP level 1. HP: 14/14 MP: 1/1
     0 | D:1      | 0 ||| qw: Version: 0.2-a-12-gaebbb33
     0 | D:1      | 0 ||| qw: Game counter: 883
     0 | D:1      | 0 ||| qw: Always use a shield: true
     0 | D:1      | 0 ||| qw: God list: Okawaru
     0 | D:1      | 0 ||| qw: Allow faded altars: false
     0 | D:1      | 0 ||| qw: Do Orc after D:15 true
     0 | D:1      | 0 ||| qw: Do second Lair branch before Depths: true
     0 | D:1      | 0 ||| qw: Lair rune preference: random
     0 | D:1      | 0 ||| qw: Plans: Normal, Zot:1-4, God:TSO, Crypt, Tomb,
                  | Pan, Slime:5, Hells, Abyss, Orb
     0 | D:1      | 0 ||| PLANNING D:1-11
    46 | D:1      | Reached skill level 2 in Axes
   130 | D:1      | Reached XP level 2. HP: 19/19 MP: 2/2
   353 | D:1      | 353 ||| Stepping ~*~*~tactically~*~*~ (hiding).
   392 | D:1      | Reached skill level 3 in Axes
   548 | D:1      | Found a faded altar of an unknown god.
   753 | D:1      | 753 ||| UPGRADING to +0 helmet.
   758 | D:1      | 758 ||| UPGRADING to +0 pair of boots.
   763 | D:1      | 763 ||| READING scroll labelled YFUIFOFOCE.
   764 | D:1      | 764 ||| READING 3 scrolls labelled WOOFYMAYFE.
   765 | D:1      | 765 ||| READING scroll labelled HIK EMIORETWA.
   766 | D:1      | 766 ||| DROPPING 2 scrolls of fog.
   784 | D:2      | Reached XP level 3. HP: 17/23 MP: 3/3
   919 | D:2      | Found a shimmering altar of Xom.
  1015 | D:2      | Reached XP level 4. HP: 24/28 MP: 4/4
  1093 | D:2      | Noticed Robin
  1104 | D:2      | Reached skill level 4 in Axes
  1108 | D:2      | Killed Robin
  1326 | D:2      | 1326 ||| DROPPING +0 club.
  1752 | D:2      | Reached XP level 5. HP: 32/32 MP: 5/5
  1877 | D:2      | 1877 ||| UPGRADING to ring of positive energy.
  1878 | D:2      | 1878 ||| READING scroll labelled BOABATZETS.
  1879 | D:2      | 1879 ||| DRINKING 2 metallic grey potions.
  1880 | D:2      | 1880 ||| DRINKING 2 blue potions.
  1981 | D:2      | 1981 ||| DROPPING potion of ambrosia.
  1998 | D:3      | 1998 ||| Stepping ~*~*~tactically~*~*~ (stealth).
  1999 | D:3      | 1999 ||| Stepping ~*~*~tactically~*~*~ (stealth).
  2062 | D:3      | Found Toenier's Antique Armour Shop.
  2073 | D:3      | 2073 ||| SHOPLISTING glowing scale mail (154 gold, have
                  | 94).
  2073 | D:3      | 2073 ||| SHOPLISTING pair of embroidered gloves (165 gold,
                  | have 94).
  2073 | D:3      | 2073 ||| SHOPLISTING shiny buckler (165 gold, have 94).
  2215 | D:3      | 2215 ||| Stepping ~*~*~tactically~*~*~ (hiding).
  2218 | D:3      | 2218 ||| Stepping ~*~*~tactically~*~*~ (hiding).
  2229 | D:3      | Reached skill level 5 in Axes
  2229 | D:3      | 2229 ||| FLEEEEING.
  2231 | D:3      | 2231 ||| FLEEEEING.
  2233 | D:3      | 2233 ||| FLEEEEING.
  2234 | D:3      | 2234 ||| FLEEEEING.
  2235 | D:3      | 2235 ||| FLEEEEING.
  2236 | D:3      | 2236 ||| FLEEEEING.
  2238 | D:3      | 2238 ||| FLEEEEING.
  2239 | D:3      | 2239 ||| FLEEEEING.
  2247 | D:3      | 2247 ||| FLEEEEING.
  2249 | D:3      | 2249 ||| FLEEEEING.
  2251 | D:3      | 2251 ||| FLEEEEING.
  2252 | D:3      | 2252 ||| FLEEEEING.
  2253 | D:3      | 2253 ||| FLEEEEING.
  2254 | D:3      | 2254 ||| FLEEEEING.
  2255 | D:3      | 2255 ||| FLEEEEING.
  2256 | D:3      | 2256 ||| FLEEEEING.
  2257 | D:3      | 2257 ||| FLEEEEING.
  2258 | D:3      | 2258 ||| FLEEEEING.
  2259 | D:3      | 2259 ||| FLEEEEING.
  2260 | D:3      | 2260 ||| FLEEEEING.
  2261 | D:3      | 2261 ||| FLEEEEING.
  2262 | D:3      | 2262 ||| FLEEEEING.
  2264 | D:3      | 2264 ||| FLEEEEING.
  2266 | D:3      | 2266 ||| FLEEEEING.
  2267 | D:3      | 2267 ||| FLEEEEING.
  2268 | D:3      | 2268 ||| FLEEEEING.
  2269 | D:3      | 2269 ||| FLEEEEING.
  2270 | D:3      | 2270 ||| FLEEEEING.
  2273 | D:3      | 2273 ||| FLEEEEING.
  2274 | D:3      | 2274 ||| FLEEEEING.
  2286 | D:3      | 2286 ||| FLEEEEING.
  2287 | D:3      | 2287 ||| FLEEEEING.
  2288 | D:3      | 2288 ||| FLEEEEING.
  2289 | D:3      | 2289 ||| STAIRDANCE
  2399 | D:3      | 2399 ||| Stepping ~*~*~tactically~*~*~ (stealth).
  2436 | D:3      | 2436 ||| READING scroll of enchant weapon.
  2436 | D:3      | 2436 ||| ENCHANTING +1 war axe.
  2514 | D:3      | Found an opulent altar of Gozag.
  2528 | D:3      | Found a sparkling altar of Nemelex Xobeh.
  2531 | D:3      | Found an ornate altar of the Wu Jian Council.
  2537 | D:3      | Found a burning altar of Makhleb.
  2748 | D:3      | 2748 ||| UPGRADING to +0 chain mail.
  2758 | D:3      | 2758 ||| DROPPING +0 scale mail.
  2759 | D:3      | 2759 ||| READING 2 scrolls of identify.
  2759 | D:3      | 2759 ||| IDENTIFYING orange potion
  2760 | D:3      | 2760 ||| DROPPING potion of magic.
  2822 | D:4      | 2822 ||| FLEEEEING.
  2823 | D:4      | 2823 ||| FLEEEEING.
  2824 | D:4      | 2824 ||| FLEEEEING.
  2825 | D:4      | 2825 ||| FLEEEEING.
  2826 | D:4      | 2826 ||| FLEEEEING.
  2827 | D:4      | 2827 ||| FLEEEEING.
  2828 | D:4      | 2828 ||| FLEEEEING.
  2829 | D:4      | 2829 ||| STAIRDANCE
  2917 | D:3      | 2917 ||| UPGRADING to +0 plate armour.
  2927 | D:3      | 2927 ||| DROPPING +0 chain mail.
  2928 | D:3      | 2928 ||| READING 2 scrolls of identify.
  2928 | D:3      | 2928 ||| IDENTIFYING smoky golden potion
  2931 | D:4      | 2931 ||| STAIRDANCE
  3037 | D:3      | 3037 ||| DROPPING +6 whip of draining.
  3042 | D:4      | 3042 ||| STAIRDANCE
  3157 | D:4      | 3157 ||| Stepping ~*~*~tactically~*~*~ (stealth).
  3173 | D:4      | Reached XP level 6. HP: 36/38 MP: 6/6
  3196 | D:4      | 3196 ||| Stepping ~*~*~tactically~*~*~ (stealth).
  3296 | D:4      | Slain by an ogre

Levels and vault maps discovered:
D:1:      dpeg_arrival_boxorama, layout_rooms,
          shapermc_ecumenical_altar_hornbeckon
D:2:      minmay_evil_eye, layout_loops_ring, basic_altar, uniq_robin
D:3:      layout_basic, grunt_temple_overflow_cloverleaf, serial_shops, shop
D:4:      layout_basic, uniq_natasha

Skill      XL: |  1  2  3  4  5 |
---------------+----------------+-----
Axes           | 2 3 4 5 |  5.6
Fighting       | 4 |  4.1
Armour         | |  3.2
Shields        | |  3.2

Action                   |  1- 3 |  4- 6 || total
-------------------------+-------+-------++-------
Melee: War axe           |    52 |   154 ||   206
Throw: Boomerang         |       |    11 ||    11
  Use: Scroll            |     3 |     4 ||     7
       Potion            |       |     2 ||     2
Armor: Scale mail        |    30 |    64 ||    94
       Plate armour      |       |    37 ||    37
Dodge: Dodged            |    14 |    65 ||    79
Block: Buckler           |     5 |    24 ||    29

Table legend:
 A = Non-vault XP
 B = Vault XP
 C = Vault XP percentage of total XP
 D = Non-vault monster count
 E = Vault monster count
 F = Vault count percentage of total count
                 A         B        C        D         E       F
            +---------+---------+-------+---------+---------+-------
      Total |     384 |      50 |  11.5 |      67 |      13 |  16.2
            +---------+---------+-------+---------+---------+-------
        D:1 |      33 |       0 |   0.0 |      16 |       0 |   0.0
        D:2 |      85 |      50 |  37.0 |      18 |      13 |  41.9
        D:3 |     102 |       0 |   0.0 |      24 |       0 |   0.0
        D:4 |     164 |       0 |   0.0 |       9 |       0 |   0.0
            +---------+---------+-------+---------+---------+-------
